 Dungeon Crawl Stone Soup version 0.32-a0-981-g384da2ce10 (webtiles) character file.

Game seed: 491499920449578001

386 GiantSquids the Changeling (level 6, -1/38 HPs)
             Began as an Octopode Shapeshifter on Apr 21, 2024.
             Was a Priest of Trog.
             Slain by a gnoll
             ... wielding a +0 halberd
              (12 damage)
             ... on level 4 of the Dungeon.
             The game lasted 00:09:29 (3157 turns).

GiantSquids the Changeling (Octopode Shapeshifter)  Turns: 3157, Time: 00:09:30

Health: -1/38      AC:  1    Str: 15    XL:     6   Next: 78%
Magic:  6/6        EV: 12    Int: 12    God:    Trog [***...]
Gold:   173        SH:  0    Dex: 12    Spells: 5/5 levels left

rFire   . . .        g - +2 dagger (flame)
rCold   . . .        (no shield)
rNeg    . . .        (helmet currently unavailable)
rPois   .            (no amulet)
rElec   .            (no ring)
rCorr   .            (no ring)
SInv    .            (no ring)
Will    .....        (no ring)
Stlth   +++          (no ring)
HPRegen 0.26/turn    (no ring)
MPRegen 0.10/turn    (no ring)
                     (no ring)

%: no passive effects
@: beast-form
A: beast (slay +3), almost no armour, amphibious, 8 rings, camouflage 1,
gelatinous body 1, (nimble swimmer 1), tentacles
a: Begin Untransformation, Renounce Religion, Berserk, Trog's Hand


You were on level 4 of the Dungeon.
You worshipped Trog.
Trog was most pleased with you.
You were a hulking beast.
You visited 1 branch of the dungeon, and saw 4 of its levels.

You collected 173 gold pieces.

Inventory:

Hand Weapons
 g - a +2 dagger of flaming (weapon)
Missiles
 s - 10 boomerangs (quivered)
Jewellery
 r - a ring of flight
Talismans
 b - a beast talisman (active)
 c - a flux talisman
Wands
 u - a wand of paralysis (8)
Scrolls
 e - a scroll of fog {unknown}
 k - a scroll of vulnerability {unknown}
 n - a scroll of silence {unknown}
 p - a scroll of teleportation {unknown}
 q - a scroll of fear {unknown}
 t - a scroll of identify {unknown}
Potions
 a - a potion of lignification
 d - 3 potions of curing {unknown}
 f - 2 potions of brilliance {unknown}
 h - a potion of invisibility {unknown}
 i - a potion of cancellation {unknown}
 j - 2 potions of haste {unknown}
 l - a potion of heal wounds {unknown}
 m - a potion of mutation {unknown}
 o - 2 potions of enlightenment {unknown}


   Skills:
 - Level 1.0 Fighting
 - Level 2.0 Dodging
 - Level 3.5 Stealth
 - Level 3.0 Unarmed Combat
 * Level 6.4 Shapeshifting


You had 5 spell levels left.
You didn't know any spells.
Your spell library was empty.

Dungeon Overview and Level Annotations

Branches:
Dungeon (4/15)
 Temple: D:4-7

Altars:
Hepliaklqana
Makhleb
Trog
Xom
Zin


Innate Abilities, Weirdness & Mutations

You are a hulking beast.
Your limbs bulge with bestial killing power. (Slay +3)
You cannot wear most types of armour.
You are amphibious.
You can wear up to eight rings at the same time.
Your skin changes colour to match your surroundings (Stealth+).
Your rubbery body absorbs attacks. (AC +1, EV +1)
((You are camouflaged when in or above water. (Stealth+)))
You have tentacles for arms and can constrict up to eight enemies at once.


Message History

No target in view!
There is an escape hatch in the ceiling here.
Found a stone staircase leading down.
You open the door.
There is an open door here.
You now have 163 gold pieces (gained 8).
s - 10 boomerangs (gained 5)
Found a war axe.
You now have 173 gold pieces (gained 10).
You see here a +0 ring mail.
o - 2 pink potions (gained 1)
A jelly comes into view.
A jelly is nearby!
The goblin shouts!
The goblin unwields a +0 dagger.
The goblin wields a +0 sling.
The goblin shoots a sling bullet.
The sling bullet hits you.
The goblin shoots a sling bullet.
The sling bullet hits you.
The goblin shoots a sling bullet.
The sling bullet hits you.
The goblin unwields a +0 sling.
The goblin wields a +0 dagger.
The goblin hits you with a +0 dagger.
You hit the goblin. You burn the goblin.
You kill the goblin!
Trog accepts your kill.
You start resting.
A gnoll is nearby!
You start resting.
A gnoll is nearby!
The gnoll shouts!
The gnoll hits you with a +0 halberd!
You barely miss the gnoll. You grab the gnoll. You squeeze the gnoll.
The gnoll is moderately wounded.
You constrict the gnoll. You hit the gnoll. You burn the gnoll.
The gnoll is heavily wounded.
You constrict the gnoll. The gnoll hits you with a +0 halberd!
* * * LOW HITPOINT WARNING * * *
You hit the gnoll but do no damage.
The gnoll is severely wounded.
You constrict the gnoll. The gnoll hits you with a +0 halberd!
You die...

........# #+# ........# #.#
........# #.# ........# #.#
........#### # .#######.#
............
#..........###############.....
#...###......g.)....... #.<...
#.........####h......# #.....
.#.....#.# #.......# +[....
#.....#.# #.......# #.....
#.##..#.# #.......# ####.. #
#..#.# #.......# #). #..#.#
#.[.....# #.. .....# #.......#
###). ..J#.####.......# #....
...##............# #.##.


You could see a gnoll.

Vanquished Creatures
  Pargi (D:3)
  A hound (D:3)
  Jessica (D:2)
  Robin (D:4)
  11 gnolls
  4 adders
  A dart slug (D:3)
  6 orcs (D:3)
  6 endoplasms
  3 giant cockroaches (D:1)
  10 goblins
  9 hobgoblins
  7 kobolds
  4 quokkas
  8 ball pythons
  3 bats
  11 rats
87 creatures vanquished.

Notes
Turn   | Place    | Note
-------+----------+-------------------------------------------
     0 | D:1      | GiantSquids the Octopode Shapeshifter began the quest for
                  | the Orb.
     0 | D:1      | Reached XP level 1. HP: 13/13 MP: 1/1
   127 | D:1      | Reached skill level 1 in Stealth
   129 | D:1      | Reached XP level 2. HP: 12/18 MP: 2/2
   358 | D:1      | Found a faded altar of an unknown god.
   368 | D:1      | Prayed at the altar of an unknown god.
   368 | D:1      | Became a worshipper of Trog the Wrathful
   368 | D:1      | Reached * piety under Trog
   868 | D:2      | Reached XP level 3. HP: 17/23 MP: 3/3
  1200 | D:3      | Noticed Pargi
  1217 | D:3      | Killed Pargi
  1218 | D:3      | Reached skill level 4 in Shapeshifting
  1218 | D:3      | Reached XP level 4. HP: 3/28 MP: 4/4
  1218 | D:3      | Reached XP level 5. HP: 4/33 MP: 5/5
  1415 | D:3      | Reached skill level 5 in Shapeshifting
  1444 | D:3      | Reached ** piety under Trog
  1637 | D:3      | Found a shimmering altar of Xom.
  1726 | D:3      | Found a hazy altar of Hepliaklqana.
  1786 | D:3      | Found a burning altar of Makhleb.
  1791 | D:3      | Found a glowing silver altar of Zin.
  1791 | D:3      | Noticed a green death
  1791 | D:3      | Noticed an angel
  1876 | D:4      | Noticed Robin
  1881 | D:4      | Noticed a phantom
  1888 | D:4      | Killed Robin
  1904 | D:4      | Reached XP level 6. HP: 21/38 MP: 6/6
  2230 | D:2      | Reached skill level 6 in Shapeshifting
  2323 | D:2      | Reached *** piety under Trog
  2719 | D:2      | Noticed Jessica
  2727 | D:2      | Killed Jessica
  3157 | D:4      | Slain by a gnoll

Illustrated notes

Levels and vault maps discovered:
D:1:      beargit_arrival_greenhouse, layout_basic,
          hellmonk_ecumenical_altar_run_dry, serial_bayou_crossing
D:2:      layout_basic, dreamdust_princess_corridor, nicolae_grassy_gnolls,
          uniq_jessica
D:3:      layout_rooms, grunt_temple_overflow_order_and_chaos_2,
          lemuel_round_altar, lemuel_coloured_pillars_altar, uniq_pargi
D:4:      layout_basic, hex_large, minmay_manual_mail, uniq_robin

Skill      XL: |  1  2  3  4  5  6 |
---------------+-------------------+-----
Stealth        | 1 2 3 |  3.5
Shapeshifting  | 4 5 6 |  6.4
Fighting       | |  1.0
Dodging        | |  2.0
Unarmed Combat | |  3.0

Action                     |  1- 3 |  4- 6 || total
---------------------------+-------+-------++-------
  Melee: Unarmed           |     7 |       ||     7
         Tentacles         |     8 |    18 ||    26
         Constrict         |     5 |    26 ||    31
         Dagger            |    49 |    86 ||   135
 Invoke: Berserk           |       |     1 ||     1
   Stab: Sleeping          |     7 |     7 ||    14
 Armour: Skin              |    36 |    38 ||    74
  Dodge: Dodged            |    43 |    33 ||    76

Table legend: (Time is in decaauts)
 A = Elapsed time spent in this place.
 B = Non-inter-level travel time spent in this place.
 C = Inter-level travel time spent in this place.
 D = Time resting spent in this place.
 E = Time spent auto-exploring this place.
 F = Levels seen in this place.
 G = Mean time per level.
                   A        B        C        D        E       F      G
               +--------+--------+--------+--------+--------+-----+--------+
         Total |   3162 |   3057 |    105 |    242 |   2240 |   4 |  790.5 |
       Dungeon |   3162 |   3057 |    105 |    242 |   2240 |   4 |  790.5 |
               +--------+--------+--------+--------+--------+-----+--------+

Top non-repeatable levels by time:
     D:2: 1177 daAuts
     D:3: 918 daAuts
     D:1: 857 daAuts
     D:4: 208 daAuts
